 Seeded DCSS version 0.30.1-9-gdf580d7c3d (webtiles) character file.

Game seed: 15734390716694237801 (custom seed)

10 Psyclone the Magician (level 2, -2/15 HPs)
             Began as a Deep Elf Venom Mage on Sept 29, 2023.
             Slain by a hobgoblin (3 damage)
             ... on level 1 of the Dungeon.
             The game lasted 00:02:16 (560 turns).

Psyclone the Magician (Deep Elf Venom Mage)          Turns: 560, Time: 00:02:16

Health: -2/15      AC:  2    Str:  5    XL:     2   Next: 10%
Magic:  0/9        EV: 12    Int: 19    God:
Gold:   0          SH:  0    Dex: 15    Spells: 3/9 levels left

rFire   . . .        f - +0 dagger
rCold   . . .        (no shield)
rNeg    . . .        a - +0 robe
rPois   .            (no helmet)
rElec   .            (no cloak)
rCorr   .            (no gloves)
SInv    .            (no boots)
Will    .....        (no amulet)
Stlth   ++           (no ring)
HPRegen 0.22/turn    (no ring)
MPRegen 0.11/turn

%: no passive effects
@: no status effects
A: no striking features
a: no special abilities


You were on level 1 of the Dungeon.
You visited 1 branch of the dungeon, and saw 1 of its levels.

Inventory:

Hand Weapons
 f - a +0 dagger (weapon)
Armour
 a - a +0 robe (worn)
Scrolls
 c - a scroll of poison {unknown}
 g - 2 scrolls of identify {unknown}
Potions
 b - a potion of magic
 d - a potion of berserk rage {unknown}
 e - 2 potions of mutation {unknown}
 h - 2 potions of curing {unknown}


   Skills:
 - Level 2.4 Dodging
 - Level 2.4 Stealth
 - Level 4.0 Spellcasting
 - Level 1.1 Transmutations
 + Level 3.3 Poison Magic


You had 3 spell levels left.
You knew the following spells:

 Your Spells              Type           Power      Damage    Failure   Level
a - Magic Dart            Conj           12%        1d3       14%         1
b - Searing Ray           Conj           6%         2d4       21%         2
l - Sting                 Tmut/Pois      48%        1d5       5%          1
v - Poisonous Vapours     Pois/Air       20%        N/A       11%         2

Your spell library contained the following spells:

 Spells                   Type           Power      Damage    Failure   Level
 Mephitic Cloud           Conj/Pois/Air  8%         N/A       26%         3
 Olgreb's Toxic Radiance  Pois           16%        N/A       34%         4
 Fulminant Prism          Conj/Hex       1%         3d5       80%         4


Dungeon Overview and Level Annotations

Branches:
Dungeon (1/15) Zot: 5439

Altars:


Message History

The hobgoblin hits you.
* * * LOW HITPOINT WARNING * * *
You hit the hobgoblin.
The hobgoblin is almost dead.
The hobgoblin closely misses you.
Your magical contamination has completely faded away.
You hit the hobgoblin.
You kill the hobgoblin!
You hit the hobgoblin but do no damage. The hobgoblin hits you.
* * * LOW HITPOINT WARNING * * *
You take 1 damage, and have 2/15 hp.
You hit the hobgoblin but do no damage. The hobgoblin closely misses you.
You hit the hobgoblin but do no damage. The hobgoblin barely misses you.
Casting: Magic Dart (safe; 14% risk of failure)
Confirm with . or Enter, or press ? or * to list all spells.
Aiming: Sting (safe; 5% risk of failure)
Press: ? - help, Shift-Dir - straight line, f - hobgoblin
Aim: a hobgoblin (71% to hit)
The sting misses the hobgoblin.
The hobgoblin completely misses you.
You now have 0/9 mp.
The hobgoblin attacks as you move away! The hobgoblin barely misses you.
The hobgoblin attacks as you move away! The hobgoblin closely misses you.
The hobgoblin attacks as you move away! The hobgoblin misses you.
Casting: Sting (safe; 5% risk of failure)
Confirm with . or Enter, or press ? or * to list all spells.
You don't have enough magic to cast this spell.
Unknown command.
The hobgoblin attacks as you move away! The hobgoblin hits you.
* * * LOW HITPOINT WARNING * * *
You take 2 damage, and have 2/15 hp.
Casting: Sting (safe; 5% risk of failure)
Confirm with . or Enter, or press ? or * to list all spells.
Aiming: Sting (safe; 5% risk of failure)
Press: ? - help, Shift-Dir - straight line, f/p - hobgoblin
Aim: a hobgoblin (71% to hit)
The sting misses the hobgoblin.
The hobgoblin hits you.
* * * LOW HITPOINT WARNING * * *
You take 1 damage, and have 1/15 hp.
You now have 0/9 mp.
You hit the hobgoblin but do no damage. The hobgoblin hits you.
You die...

........# #.#.#######.##
........# #.#.......†..#
#.......# #........#####
....#+#.# #........'...#
#####.#.# #........###'###
......# #..............#
....#.#######+##..............#
............#.##.g............#
................@#'####.......#
....#####.#.#....#.# #.......#
#................#.# #.......+
#.#########.#....#.# #..†....#
#.# #....#....#.# #..........
#.# #.#..#......# ###+#######
#.# #.#..#.######
#.######.#..#.# #........#..#.#


You could see a hobgoblin.

Vanquished Creatures
  A bat (D:1)
  A hobgoblin (D:1)
  2 quokkas (D:1)
  2 frilled lizards (D:1)
  2 goblins (D:1)
  2 rats (D:1)
10 creatures vanquished.

Notes
Turn   | Place    | Note
-------+----------+-------------------------------------------
     0 | D:1      | Psyclone the Deep Elf Venom Mage began the quest for the
                  | Orb.
     0 | D:1      | Reached XP level 1. HP: 10/10 MP: 6/6
     1 | D:1      | Noticed an electric eel
   467 | D:1      | Reached skill level 4 in Spellcasting
   467 | D:1      | Reached XP level 2. HP: 5/15 MP: 6/9
   477 | D:1      | Learned a level 2 spell: Poisonous Vapours
   479 | D:1      | Learned a level 1 spell: Magic Dart
   482 | D:1      | Learned a level 2 spell: Searing Ray
   560 | D:1      | Slain by a hobgoblin

Illustrated notes

Levels and vault maps discovered:
D:1:      arrival_aquarium_a, layout_basic, serial_shops, shop,
          shapermc_ecumenical_altar_mp_highgroup

Skill      XL: |  1 |
---------------+----+-----
Spellcasting   | 4 |  4.0
Dodging        | |  2.4
Stealth        | |  2.4
Transmutations | |  1.1
Poison Magic   | |  3.3

Action                     || total
---------------------------++-------
  Melee: Dagger            ||    32
   Cast: Sting             ||    13
         Magic Dart        ||     7
   Stab: Sleeping          ||     1
 Armour: Robe              ||     3
  Dodge: Dodged            ||    39
